 Dungeon Crawl Stone Soup version 0.23.2-1-ga50397a (webtiles) character file.

Game seed: 3675118931203604933

25 Leeroy the Conjurer (level 2, -2/20 HPs)
             Began as a Draconian Conjurer on Apr 14, 2019.
             Slain by a leopard gecko (4 damage)
             ... on level 2 of the Dungeon.
             The game lasted 00:02:06 (988 turns).

Leeroy the Conjurer (Draconian Conjurer)             Turns: 988, Time: 00:02:06

Health: -2/20      AC:  4    Str: 10    XL:     2   Next: 86%
Magic:  5/5        EV: 12    Int: 15    God:
Gold:   65         SH:  0    Dex: 11    Spells: 4/5 levels left

rFire    . . .     SeeInvis .   g - +0 dagger
rCold    . . .     Gourm    .   (no shield)
rNeg     . . .     Faith    .   (armour unavailable)
rPois    .         Spirit   .   (helmet restricted)
rElec    .         Reflect  .   (no cloak)
rCorr    .         Harm     .   (no gloves)
MR       .....                  (no boots)
Stlth    ++........             (no amulet)
HPRegen  0.06/turn              (no ring)
MPRegen  0.09/turn              (no ring)

@: no status effects
A: unfitting armour, cold-blooded, AC +4
a: no special abilities


You were on level 2 of the Dungeon.
You were hungry.

You visited 1 branch of the dungeon, and saw 2 of its levels.

You collected 65 gold pieces.

Inventory:

Hand Weapons
 c - a +0 club
 g - a +0 dagger (weapon)
Missiles
 k - 24 stones (quivered)
Scrolls
 e - 2 scrolls of amnesia {unknown}
 j - a scroll of teleportation {unknown}
 l - a scroll of random uselessness {unknown}
 m - a scroll of identify {unknown}
Potions
 d - 2 potions of flight {unknown}
 f - 2 potions of mutation {unknown}
 h - a potion of might {unknown}
 i - a potion of brilliance {unknown}
Comestibles
 b - a ration


   Skills:
 - Level 1.7 Dodging
 - Level 1.7 Stealth
 - Level 2.0 Spellcasting
 + Level 4.9 Conjurations


You had 4 spell levels left.
You knew the following spells:

 Your Spells              Type           Power        Failure   Level  Hunger
a - Magic Dart            Conj           ###.         3%          1    #......

Your spell library contained the following spells:

 Spells                   Type           Power        Failure   Level  Hunger
 Searing Ray              Conj           ###...       4%          2    ###....
 Dazzling Spray           Conj/Hex       #.....       24%         3    ###....
 Iskenderun's Mystic Bla  Conj           ###.....     28%         4    #####..
 Force Lance              Conj/Tloc      #.......     63%         4    #####..
 Fulminant Prism          Conj/Hex       #.........   63%         4    #####..


Dungeon Overview and Level Annotations

Branches:
Dungeon (2/15)

Altars:


Innate Abilities, Weirdness & Mutations

Your plain brown scales are hard. (AC +4)
You cannot fit into any form of body armour.
You are cold-blooded and may be slowed by cold attacks.


Message History

The hobgoblin is heavily wounded.
The leopard gecko bites you but does no damage.
The leopard gecko bites you. The hobgoblin barely misses you.
You hit the hobgoblin.
The hobgoblin is almost dead.
The leopard gecko bites you but does no damage.
The leopard gecko bites you. The hobgoblin barely misses you.
You hit the hobgoblin.
You kill the hobgoblin!
The leopard gecko misses you. The leopard gecko bites you.
The leopard gecko closely misses you. The dart slug closely misses you.
The leopard gecko misses you.
You are feeling hungry.
The leopard gecko misses you. The leopard gecko bites you.
* * * LOW HITPOINT WARNING * * *
The leopard gecko bites you.
* * * LOW HITPOINT WARNING * * *
The dart slug barely misses you. The leopard gecko bites you.
You die...

..### #######
.........##..$..##
..#..............##
#.................#
#.................#
#.................#
#........†.).....#
#................#
#.....@lw........#
.........rl..$...##
####.....##.....##
##############


You could see a dart slug, 2 leopard geckos and a rat.

Vanquished Creatures
  An ooze (D:1)
  4 bats
  A giant cockroach (D:1)
  4 goblins (D:1)
  6 hobgoblins
  3 frilled lizards
19 creatures vanquished.

Vanquished Creatures (others)
  A kobold (D:1)
1 creature vanquished.

Grand Total: 20 creatures vanquished

Notes
Turn   | Place    | Note
-------+----------+-------------------------------------------
     0 | D:1      | Leeroy the Draconian Conjurer began the quest for the Orb.
     0 | D:1      | Reached XP level 1. HP: 14/14 MP: 3/3
   211 | D:1      | Reached XP level 2. HP: 16/20 MP: 0/5
   988 | D:2      | Slain by a leopard gecko

Action                   || total
-------------------------++-------
Melee: Club              ||    23
       Unarmed           ||     4
       Tailslap          ||     2
       Dagger            ||    25
 Cast: Magic Dart        ||    12
 Stab: Sleeping          ||     3
Armor: Skin              ||    22
Dodge: Dodged            ||    59
